 Dungeon Crawl Stone Soup version 0.20.1-1-g8b1a95d (webtiles) character file.

2863 equalderp2856 the Chopper (level 9, -3/69 HPs)
             Began as a Mummy Fighter on Sept 11, 2017.
             Killed from afar by Maurice (26 damage)
             ... with a wand of lightning (?/15)
             ... on level 8 of the Dungeon.
             The game lasted 00:26:21 (11173 turns).

equalderp2856 the Chopper (Mummy Fighter)          Turns: 11173, Time: 00:26:22

Health: -3/69      AC: 13    Str: 25    XL:     9   Next: 47%
Magic:  16/16      EV:  8    Int:  8    God:
Gold:   424        SH: 11    Dex: 16    Spells: 15/18 levels left

rFire    x . .     SeeInvis .   a - +1 war axe
rCold    + . .     Gourm    .   c - +0 shield
rNeg     + + +     Faith    .   m - +0 chain mail of Kuwnar {Int+2 Dex+4}
rPois    ∞         Spirit   .   s - +1 helmet
rElec    .         Reflect  .   (no cloak)
rCorr    .         Harm     .   f - +0 pair of gloves
MR       +....                  w - +0 pair of boots
Stlth    ..........             (no amulet)
Regen    0.3/turn               d - -3 ring of intelligence (curse)
MPRegen  0.2/turn               k - +5 ring of strength

@: very slightly contaminated
A: no food or potions, fire vulnerability, cold resistance 1, negative energy
resistance 3, torment resistance, unbreathing
a: no special abilities


You were on level 8 of the Dungeon.
You were not hungry.

You visited 1 branch of the dungeon, and saw 8 of its levels.

You collected 424 gold pieces.

Inventory:

Hand Weapons
 a - a +1 war axe (weapon)
 g - a +1 spear of piercing
Armour
 b - a +0 scale mail
 c - a +0 shield (worn)
 e - a +3 leather armour
 f - a +0 pair of gloves (worn)
 h - a +2 animal skin
 m - the +0 chain mail of Kuwnar (worn) {Int+2 Dex+4}
   (You found it on level 8 of the Dungeon)

   It affects your intelligence (+2).
   It affects your dexterity (+4).
 p - a +0 helmet
 s - a +1 helmet (worn)
 w - a +0 pair of boots (worn)
 y - a +0 chain mail
Jewellery
 d - a cursed -3 ring of intelligence (left hand)
 k - a +5 ring of strength (right hand)
 v - an uncursed ring of poison resistance
Wands
 j - a wand of flame (22/48)
 x - a wand of digging (23/24)
Scrolls
 l - 2 scrolls of identify
 n - 2 scrolls of remove curse
 o - a scroll of random uselessness
 q - a scroll of blinking
Books
 i - a book of Minor Magic

   Spells                             Type                      Level
   a - Magic Dart                     Conjuration                  1
   b - Blink                          Translocation                2
   c - Call Imp                       Summoning                    2
   d - Slow                           Hexes                        2
   e - Conjure Flame                  Conjuration/Fire             3
   f - Mephitic Cloud                 Conjuration/Poison/Air       3


   Skills:
 + Level 6.1 Fighting
 + Level 6.8 Axes
 + Level 3.0 Armour
 + Level 3.8 Dodging
 + Level 1.8 Stealth
 + Level 4.9 Shields
 * Level 5.0 Spellcasting
 + Level 0.1 Conjurations


You had 15 spell levels left.
You knew the following spells:

 Your Spells              Type           Power        Failure   Level  Hunger
a - Magic Dart            Conj           #...         100%        1    N/A
b - Blink                 Tloc           N/A          100%        2    N/A

Dungeon Overview and Level Annotations

Branches:
Dungeon (8/15)             Temple (0/1) D:7
   Lair: D:8-11

Altars:
Ashenzari
Dithmenos
Elyvilon
Fedhas
Hepliaklqana
Sif Muna
Trog
Vehumet
Xom
Zin
The Shining One

Annotations:
D:5 wnhky's ghost, novice MiFi
D:8 Maurice


Innate Abilities, Weirdness & Mutations

You do not eat or drink.
Your flesh is vulnerable to fire.
You are immune to poison.
Your flesh is cold resistant. (rC+)
You are immune to negative energy. (rN+++)
You are immune to unholy pain and torment.
You can survive without breathing.


Message History

You hear a zap.
A bolt of lightning appears from out of thin air!
The bolt of lightning hits you!
* * * LOW HITPOINT WARNING * * *
The bolt of lightning misses you.
The bolt of lightning hits something.
Something hits you but does no damage.
Blink to where?
Press: ? - help, Dir - move target cursor You are very lightly contaminated with residual magic.
As you read the scroll of blinking, it crumbles to dust.
You hear a zap.
A bolt of lightning appears from out of thin air!
The bolt of lightning misses you.
You hear a zap.
A bolt of lightning appears from out of thin air!
The bolt of lightning misses you.
You hear a zap.
A bolt of lightning appears from out of thin air!
The bolt of lightning hits you!
You die...

#............†......##.#
#.######........##.....O
##.## ##......###...#.
####...#######...........#
#.........>..............#
#.##...######.........#.##
#.###............).#.## #
#.# #########...<.##.##
#.### ##@..###.. #...#
##.## #.## ###.# #.####.#
#.##### #......#
#.#...############<#
#.#.#..............#
#...#...##########.......#
#{#####...§# ##.######
#...#...##.# .#


There were no monsters in sight!

Vanquished Creatures
  Menkaure (D:5)
  2 sky beasts (D:6)
  3 black bears (D:7)
  2 phantoms
  6 ogres
  6 bullfrogs
  A wyvern skeleton (D:7)
  3 scorpions
  3 killer bees (D:7)
  3 wights
  2 crimson imps
  A bullfrog zombie (D:6)
  An orc priest (D:6)
  4 hounds
  3 orc wizards
  Jessica (D:2)
  An iguana (D:6)
  2 worker ants (D:4)
  A killer bee zombie (D:7)
  2 hound skeletons (D:5)
  Robin (D:2)
  4 gnolls
  9 adders
  A shadow imp (D:6)
  An ooze (D:5)
  An adder skeleton (D:4)
  2 worms
  6 dart slugs
  4 leopard geckos
  15 orcs
  3 ball pythons
  9 giant cockroaches
  5 hobgoblins
  17 jackals
  7 kobolds
  5 quokkas
  12 bats
  4 frilled lizards
  15 goblins
  A jackal zombie (D:5)
  A leopard gecko skeleton (D:4)
  A quokka skeleton (D:7)
  5 rats
177 creatures vanquished.

Notes
Turn   | Place    | Note
-------+----------+-------------------------------------------
     0 | D:1      | equalderp2856 the Mummy Fighter began the quest for the Orb.
     0 | D:1      | Reached XP level 1. HP: 18/18 MP: 1/1
    94 | D:1      | Reached XP level 2. HP: 15/24 MP: 2/2
   645 | D:1      | Reached XP level 3. HP: 29/29 MP: 3/3
  1386 | D:2      | Reached skill level 1 in Dodging
  1387 | D:2      | Reached XP level 4. HP: 30/35 MP: 4/4
  1427 | D:2      | Noticed Robin
  1446 | D:2      | Killed Robin
  1587 | D:2      | Noticed Jessica
  1594 | D:2      | Killed Jessica
  1663 | D:2      | Reached XP level 5. HP: 36/42 MP: 5/5
  1825 | D:2      | Learned a level 1 spell: Magic Dart
  1828 | D:2      | Learned a level 2 spell: Blink
  2284 | D:3      | Found a hazy altar of Hepliaklqana.
  2286 | D:3      | Found a shimmering altar of Xom.
  2287 | D:3      | Noticed a spectral ugly thing
  2515 | D:3      | Found a glowing golden altar of the Shining One.
  2515 | D:3      | Found a glowing silver altar of Zin.
  2515 | D:3      | Found a white marble altar of Elyvilon.
  3054 | D:3      | Reached XP level 6. HP: 33/48 MP: 6/6
  3233 | D:3      | Found a deep blue altar of Sif Muna.
  3684 | D:4      | Found a shattered altar of Ashenzari.
  4109 | D:4      | Reached XP level 7. HP: 54/54 MP: 7/7
  4215 | D:4      | Found a radiant altar of Vehumet.
  4234 | D:5      | Entered Level 5 of the Dungeon
  5015 | D:5      | Noticed Menkaure
  5020 | D:5      | Killed Menkaure
  5020 | D:5      | Reached skill level 1 in Spellcasting
  5035 | D:5      | Noticed wnhky's ghost (novice MiFi)
  5445 | D:5      | Reached skill level 5 in Axes
  5786 | D:6      | Reached XP level 8. HP: 39/61 MP: 11/11
  6716 | D:6      | Reached skill level 5 in Fighting
  8270 | D:5      | Reached skill level 1 in Stealth
  9472 | D:7      | Reached XP level 9. HP: 63/69 MP: 12/15
  9931 | D:7      | Found a bloodstained altar of Trog.
 10359 | D:7      | Found a shadowy altar of Dithmenos.
 10359 | D:7      | Found a blossoming altar of Fedhas.
 10530 | D:7      | Reached skill level 5 in Spellcasting
 10731 | D:7      | Found a staircase to the Ecumenical Temple.
 10897 | D:8      | Noticed a two-headed ogre
 11068 | D:8      | Got a shimmering chain mail
 11083 | D:8      | Identified the +0 chain mail of Kuwnar {Int+2 Dex+4} (You found it on level 8 of the Dungeon)
 11121 | D:8      | Noticed Maurice
 11173 | D:8      | Killed from afar by Maurice

Skill      XL: |  1  2  3  4  5  6  7  8  9 |
---------------+----------------------------+-----
Axes           | 2 3 4 5 6 |  6.8
Dodging        | 1 2 3 |  3.8
Shields        | 3 4 |  4.9
Fighting       | 4 5 6 |  6.1
Spellcasting   | 2 4 5 |  5.0
Stealth        | 1 |  1.8
Armour         | 3 |  3.0
Conjurations   | |  0.1

Action                   |  1- 3 |  4- 6 |  7- 9 || total
-------------------------+-------+-------+-------++-------
Melee: War axe           |   175 |   195 |   451 ||   821
Evoke: Wand              |       |     2 |       ||     2
  Use: Scroll            |       |       |    10 ||    10
 Stab: Sleeping          |       |       |     1 ||     1
Armor: Scale mail        |   150 |    23 |       ||   173
       Animal skin       |       |    56 |    59 ||   115
       Leather armour    |       |       |    78 ||    78
       Chain mail        |       |       |     3 ||     3
Dodge: Dodged            |    96 |    72 |   222 ||   390
Block: Shield            |   120 |   116 |   226 ||   462
